Workbook

Sheet CRI
A1: F.F | B1: C R I | H1: CONCEPTOS DE INGRESOS | O1: CRI ECUANDUREO 2024
B2: R | C2: T | D2: CL | F2: CO | O2: DETALLE | P2: SUMA | Q2: TOTAL
A3: 1 | B3: NO ETIQUETADO | Q3: =Q4+Q109 -> 20184232
A4: 11 | B4: RECURSOS FISCALES | Q4: =Q5+Q26+Q32+Q71+Q80 -> 13499806
A5: 11 | B5: 1 | C5: 0 | D5: 0 | E5: 0 | F5: 0 | G5: 0 | H5: IMPUESTOS. | Q5: =SUM(P6,P9,P15,P17,P22,P24) -> 5864148.7
A6: 11 | B6: 1 | C6: 1 | D6: 0 | E6: 0 | F6: 0 | G6: 0 | I6: Impuestos Sobre los Ingresos. | P6: =SUM(O7:O8) -> 0
A7: 11 | B7: 1 | C7: 1 | D7: 0 | E7: 1 | F7: 0 | G7: 0 | J7: Impuesto sobre loterías, rifas, sorteos y concursos | O7: =PI!K11 -> 0
A8: 11 | B8: 1 | C8: 1 | D8: 0 | E8: 2 | F8: 0 | G8: 0 | J8: Impuesto sobre espectáculos públicos | O8: =PI!K12 -> 0
A9: 11 | B9: 1 | C9: 2 | D9: 0 | E9: 0 | F9: 0 | G9: 0 | I9: Impuestos Sobre el Patrimonio. | P9: =SUM(P10,O14) -> 5450519.7
A10: 11 | B10: 1 | C10: 2 | D10: 0 | E10: 1 | F10: 0 | G10: 0 | J10: Impuesto predial. | P10: =SUM(O11:O13) -> 5450519.7
A11: 11 | B11: 1 | C11: 2 | D11: 0 | E11: 1 | F11: 0 | G11: 1 | K11: Impuesto predial urbano | O11: =PI!K15 -> 4509649.5
A12: 11 | B12: 1 | C12: 2 | D12: 0 | E12: 1 | F12: 0 | G12: 2 | K12: Impuesto predial rústico | O12: =PI!K16 -> 940870.24
A13: 11 | B13: 1 | C13: 2 | D13: 0 | E13: 1 | F13: 0 | G13: 3 | K13: Impuesto predial ejidal y comunal | O13: =PI!K17 -> 0
A14: 11 | B14: 1 | C14: 2 | D14: 0 | E14: 2 | F14: 0 | G14: 0 | J14: Impuesto sobre lotes baldíos, sin bardear o falta de banquetas | O14: =PI!K18 -> 0
A15: 11 | B15: 1 | C15: 3 | D15: 0 | E15: 0 | F15: 0 | G15: 0 | I15: Impuesto Sobre la Producción, el Consumo y las Transacciones. | P15: =O16 -> 227897
A16: 11 | B16: 1 | C16: 3 | D16: 0 | E16: 3 | F16: 0 | G16: 0 | J16: Impuesto sobre adquisición de inmuebles | O16: =PI!K20 -> 227897
A17: 11 | B17: 1 | C17: 7 | D17: 0 | E17: 0 | F17: 0 | G17: 0 | I17: Accesorios de Impuestos. | P17: =SUM(O18:O21) -> 185732
A18: 11 | B18: 1 | C18: 7 | D18: 0 | E18: 2 | F18: 0 | G18: 0 | J18: Recargos de impuestos municipales | O18: =PI!K22 -> 82692.1
A19: 11 | B19: 1 | C19: 7 | D19: 0 | E19: 4 | F19: 0 | G19: 0 | J19: Multas y/o sanciones de impuestos municipales | O19: =PI!K23 -> 103039.9
A20: 11 | B20: 1 | C20: 7 | D20: 0 | E20: 6 | F20: 0 | G20: 0 | J20: Honorarios y gastos de ejecución de impuestos municipales | O20: =PI!K24 -> 0
A21: 11 | B21: 1 | C21: 7 | D21: 0 | E21: 8 | F21: 0 | G21: 0 | J21: Actualizaciones de impuestos municipales | O21: =PI!K25 -> 0
A22: 11 | B22: 1 | C22: 8 | D22: 0 | E22: 0 | F22: 0 | G22: 0 | I22: Otros Impuestos. | P22: =O23 -> 0
A23: 11 | B23: 1 | C23: 8 | D23: 0 | E23: 1 | F23: 0 | G23: 0 | J23: Otros impuestos | O23: =PI!K27 -> 0
A24: 11 | B24: 1 | C24: 9 | D24: 0 | E24: 0 | F24: 0 | G24: 0 | I24: Impuestos no Comprendidos en la Ley de Ingresos Causados en Ejercicios Fiscales Anteriores Pendientes de Liquidación o Pago. | P24: =O25 -> 0
A25: 11 | B25: 1 | C25: 9 | D25: 0 | E25: 1 | F25: 0 | G25: 0 | J25: Impuestos no Comprendidos en la Ley de Ingresos Causados en Ejercicios Fiscales Anteriores Pendientes de Liquidación o Pago. | O25: =PI!K29 -> 0
A26: 11 | B26: 3 | C26: 0 | D26: 0 | E26: 0 | F26: 0 | G26: 0 | H26: CONTRIBUCIONES DE MEJORAS. | Q26: =SUM(P27,P30) -> 0
A27: 11 | B27: 3 | C27: 1 | D27: 0 | E27: 0 | F27: 0 | G27: 0 | I27: Contribuciones de Mejoras por Obras Públicas. | P27: =SUM(O28:O29) -> 0
A28: 11 | B28: 3 | C28: 1 | D28: 0 | E28: 1 | F28: 0 | G28: 0 | J28: De aumento de valor y mejoría especifica de la propiedad | O28: =PI!K32 -> 0
A29: 11 | B29: 3 | C29: 1 | D29: 0 | E29: 2 | F29: 0 | G29: 0 | J29: De la aportación para mejoras | O29: =PI!K33 -> 0
A30: 11 | B30: 3 | C30: 9 | D30: 0 | E30: 0 | F30: 0 | G30: 0 | I30: Contribuciones de Mejoras no Comprendidas en la Ley de Ingresos Causadas en Ejercicios Fiscales Anteriores Pendientes de Liquidación o Pago. | P30: =O31 -> 0
A31: 11 | B31: 3 | C31: 9 | D31: 0 | E31: 1 | F31: 0 | G31: 0 | J31: Contribuciones de mejoras no comprendidas en la Ley de Ingresos causadas en ejercicios fiscales anteriores pendientes de liquidación o pago | O31: =PI!K35 -> 0
A32: 11 | B32: 4 | C32: 0 | D32: 0 | E32: 0 | F32: 0 | G32: 0 | H32: DERECHOS. | Q32: =SUM(P33,P35,P49,P64,P69) -> 6701923.6
A33: 11 | B33: 4 | C33: 1 | D33: 0 | E33: 0 | F33: 0 | G33: 0 | I33: Derechos por el Uso, Goce, Aprovechamiento o Explotación de Bienes de Dominio Público. | P33: =O34 -> 460026.6
A34: 11 | B34: 4 | C34: 1 | D34: 0 | E34: 1 | F34: 0 | G34: 0 | J34: Por ocupación de la vía pública y servicios de mercados | O34: =PI!K38 -> 460026.6
A35: 11 | B35: 4 | C35: 3 | D35: 0 | E35: 0 | F35: 0 | G35: 0 | I35: Derechos por Prestación de Servicios. | P35: =P36 -> 3759554.5
A36: 11 | B36: 4 | C36: 3 | D36: 0 | E36: 2 | F36: 0 | G36: 0 | J36: Derechos por la Prestación de Servicios Municipales. | P36: =SUM(O37:O48) -> 3759554.5
A37: 11 | B37: 4 | C37: 3 | D37: 0 | E37: 2 | F37: 0 | G37: 1 | J37: Por servicios de alumbrado público | O37: =PI!K41 -> 2884633.5
A38: 11 | B38: 4 | C38: 3 | D38: 0 | E38: 2 | F38: 0 | G38: 2 | J38: Por la prestación del servicio de agua potable, alcantarillado y saneamiento | O38: =PI!K42 -> 0
A39: 11 | B39: 4 | C39: 3 | D39: 0 | E39: 2 | F39: 0 | G39: 3 | J39: Por servicio de panteones | O39: =PI!K43 -> 599310.4
A40: 11 | B40: 4 | C40: 3 | D40: 0 | E40: 2 | F40: 0 | G40: 4 | J40: Por servicio de rastro | O40: =PI!K44 -> 0
A41: 11 | B41: 4 | C41: 3 | D41: 0 | E41: 2 | F41: 0 | G41: 5 | J41: Por servicios de control canino | O41: =PI!K45 -> 0
A42: 11 | B42: 4 | C42: 3 | D42: 0 | E42: 2 | F42: 0 | G42: 6 | J42: Por reparación en la vía pública | O42: =PI!K46 -> 0
A43: 11 | B43: 4 | C43: 3 | D43: 0 | E43: 2 | F43: 0 | G43: 7 | J43: Por servicios de protección civil | O43: =PI!K47 -> 275610.56
A44: 11 | B44: 4 | C44: 3 | D44: 0 | E44: 2 | F44: 0 | G44: 8 | J44: Por servicios de parques y jardines | O44: =PI!K48 -> 0
A45: 11 | B45: 4 | C45: 3 | D45: 0 | E45: 2 | F45: 0 | G45: 9 | J45: Por servicios de tránsito y vialidad | O45: =PI!K49 -> 0
A46: 11 | B46: 4 | C46: 3 | D46: 0 | E46: 2 | F46: 1 | G46: 0 | J46: Por servicios de vigilancia | O46: =PI!K50 -> 0
A47: 11 | B47: 4 | C47: 3 | D47: 0 | E47: 2 | F47: 1 | G47: 1 | J47: Por servicios de catastro | O47: =PI!K51 -> 0
A48: 11 | B48: 4 | C48: 3 | D48: 0 | E48: 2 | F48: 1 | G48: 2 | J48: Por servicios oficiales diversos | O48: =PI!K52 -> 0
A49: 11 | B49: 4 | C49: 4 | D49: 0 | E49: 0 | F49: 0 | G49: 0 | I49: Otros Derechos. | P49: =SUM(P50) -> 2482342.5
A50: 11 | B50: 4 | C50: 4 | D50: 0 | E50: 2 | F50: 0 | G50: 0 | J50: Otros Derechos Municipales. | P50: =SUM(O51:O63) -> 2482342.5
A51: 11 | B51: 4 | C51: 4 | D51: 0 | E51: 2 | F51: 0 | G51: 1 | K51: Por expedición, revalidación y canje de permisos o licencias para funcionamiento de establecimientos | O51: =PI!K55 -> 443157.65
A52: 11 | B52: 4 | C52: 4 | D52: 0 | E52: 2 | F52: 0 | G52: 2 | K52: Por expedición y revalidación de licencias o permisos para la colocación de anuncios publicitarios | O52: =PI!K56 -> 126111
A53: 11 | B53: 4 | C53: 4 | D53: 0 | E53: 2 | F53: 0 | G53: 3 | K53: Por alineamiento de fincas urbanas o rústicas | O53: =PI!K57 -> 0
A54: 11 | B54: 4 | C54: 4 | D54: 0 | E54: 2 | F54: 0 | G54: 4 | K54: Por licencias de construcción, remodelación, reparación o restauración de fincas | O54: =PI!K58 -> 3168
A55: 11 | B55: 4 | C55: 4 | D55: 0 | E55: 2 | F55: 0 | G55: 5 | K55: Por numeración oficial de fincas urbanas | O55: =PI!K59 -> 0
A56: 11 | B56: 4 | C56: 4 | D56: 0 | E56: 2 | F56: 0 | G56: 6 | K56: Por expedición de certificados, títulos, copias de documentos y legalización de firmas | O56: =PI!K60 -> 54807.4
A57: 11 | B57: 4 | C57: 4 | D57: 0 | E57: 2 | F57: 0 | G57: 7 | K57: Por registro de señales, marcas de herrar y refrendo de patentes | O57: =PI!K61 -> 0
A58: 11 | B58: 4 | C58: 4 | D58: 0 | E58: 2 | F58: 0 | G58: 8 | K58: Por servicios urbanísticos | O58: =PI!K62 -> 73098.5
A59: 11 | B59: 4 | C59: 4 | D59: 0 | E59: 2 | F59: 0 | G59: 9 | K59: Por servicios de aseo público | O59: =PI!K63 -> 0
A60: 11 | B60: 4 | C60: 4 | D60: 0 | E60: 2 | F60: 1 | G60: 0 | K60: Por servicios de administración ambiental | O60: =PI!K64 -> 0
A61: 11 | B61: 4 | C61: 4 | D61: 0 | E61: 2 | F61: 1 | G61: 1 | K61: Por inscripción a padrones. | O61: =PI!K65 -> 0
A62: 11 | B62: 4 | C62: 4 | D62: 0 | E62: 2 | F62: 1 | G62: 2 | K62: Por acceso a museos. | O62: =PI!K66 -> 0
A63: 11 | B63: 4 | C63: 4 | D63: 0 | E63: 2 | F63: 1 | G63: 3 | K63: Derechos Diversos | O63: =PI!K67 -> 1782000
A64: 11 | B64: 4 | C64: 5 | D64: 0 | E64: 0 | F64: 0 | G64: 0 | I64: Accesorios de Derechos. | P64: =SUM(O65:O68) -> 0
A65: 11 | B65: 4 | C65: 5 | D65: 0 | E65: 2 | F65: 0 | G65: 0 | J65: Recargos de derechos municipales | O65: =PI!K69 -> 0
A66: 11 | B66: 4 | C66: 5 | D66: 0 | E66: 4 | F66: 0 | G66: 0 | J66: Multas y/o sanciones de derechos municipales | O66: =PI!K70 -> 0
A67: 11 | B67: 4 | C67: 5 | D67: 0 | E67: 6 | F67: 0 | G67: 0 | J67: Honorarios y gastos de ejecución de derechos municipales | O67: =PI!K71 -> 0
A68: 11 | B68: 4 | C68: 5 | D68: 0 | E68: 8 | F68: 0 | G68: 0 | J68: Actualizaciones de derechos municipales | O68: =PI!K72 -> 0
A69: 11 | B69: 4 | C69: 9 | D69: 0 | E69: 0 | F69: 0 | G69: 0 | I69: Derechos no Comprendidos en las Fracciones de la Ley de Ingresos Causados en Ejercicios Fiscales Anteriores Pendientes de Liquidación o Pago. | P69: =O70 -> 0
A70: 11 | B70: 4 | C70: 9 | D70: 0 | E70: 1 | F70: 0 | G70: 0 | J70: Derechos no comprendidos en las fracciones de la Ley de Ingresos causados en ejercicios fiscales anteriores pendientes de liquidación o pago | O70: =PI!K74 -> 0
A71: 11 | B71: 5 | C71: 0 | D71: 0 | E71: 0 | F71: 0 | G71: 0 | H71: PRODUCTOS. | Q71: =SUM(P72,P78) -> 2800.168
A72: 11 | B72: 5 | C72: 1 | D72: 0 | E72: 0 | F72: 0 | G72: 0 | I72: Productos de Tipo Corriente. | P72: =SUM(O73:O77) -> 2800.168
A73: 11 | B73: 5 | C73: 1 | D73: 0 | E73: 1 | F73: 0 | G73: 0 | J73: Enajenación de bienes muebles e inmuebles no sujetos a registro | O73: =PI!K77 -> 0
A74: 11 | B74: 5 | C74: 1 | D74: 0 | E74: 2 | F74: 0 | G74: 0 | J74: Por los servicios que no corresponden a funciones de derecho público | O74: =PI!K78 -> 0
A75: 11 | B75: 5 | C75: 1 | D75: 0 | E75: 3 | F75: 0 | G75: 0 | J75: Otros productos de tipo corriente | O75: =PI!K79 -> 0
A76: 11 | B76: 5 | C76: 1 | D76: 0 | E76: 4 | F76: 0 | G76: 0 | J76: Accesorios de Productos | O76: =PI!K80 -> 0
A77: 11 | B77: 5 | C77: 1 | D77: 0 | E77: 5 | F77: 0 | G77: 0 | J77: Rendimientos de capital | O77: =PI!K81 -> 2800.168
A78: 11 | B78: 5 | C78: 9 | D78: 0 | E78: 0 | F78: 0 | G78: 0 | I78: Productos no Comprendidos en las Fracciones de la Ley de Ingresos Causados en Ejercicios Fiscales Anteriores Pendientes de Liquidación o Pago. | P78: =O79 -> 0
A79: 11 | B79: 5 | C79: 9 | D79: 0 | E79: 1 | F79: 0 | G79: 0 | J79: Productos no comprendidos en las fracciones de la Ley de Ingresos causados en ejercicios fiscales anteriores pendientes de liquidación o pago | O79: =PI!K83 -> 0
A80: 11 | B80: 6 | C80: 0 | D80: 0 | E80: 0 | F80: 0 | G80: 0 | H80: APROVECHAMIENTOS. | Q80: =SUM(P81,P96,P104,P107) -> 930933
A81: 11 | B81: 6 | C81: 1 | D81: 0 | E81: 0 | F81: 0 | G81: 0 | I81: Aprovechamientos. | P81: =SUM(O82:O95) -> 930933
A82: 11 | B82: 6 | C82: 1 | D82: 0 | E82: 5 | F82: 0 | G82: 0 | J82: Multas por infracciones a otras disposiciones municipales no fiscales | O82: =PI!K86 -> 0
A83: 11 | B83: 6 | C83: 1 | D83: 0 | E83: 6 | F83: 0 | G83: 0 | J83: Multas por faltas a la reglamentación municipal | O83: =PI!K87 -> 0
A84: 11 | B84: 6 | C84: 1 | D84: 1 | E84: 0 | F84: 0 | G84: 0 | J84: Multas emitidas por organismos paramunicipales | O84: =PI!K88 -> 0
A85: 11 | B85: 6 | C85: 1 | D85: 1 | E85: 1 | F85: 0 | G85: 0 | J85: Reintegros | O85: =PI!K89 -> 0
A86: 11 | B86: 6 | C86: 1 | D86: 1 | E86: 2 | F86: 0 | G86: 0 | J86: Donativos | O86: =PI!K90 -> 0
A87: 11 | B87: 6 | C87: 1 | D87: 1 | E87: 3 | F87: 0 | G87: 0 | J87: Indemnizaciones | O87: =PI!K91 -> 0
A88: 11 | B88: 6 | C88: 1 | D88: 1 | E88: 4 | F88: 0 | G88: 0 | J88: Fianzas efectivas | O88: =PI!K92 -> 0
A89: 11 | B89: 6 | C89: 1 | D89: 1 | E89: 7 | F89: 0 | G89: 0 | J89: Recuperaciones de costos | O89: =PI!K93 -> 0
A90: 11 | B90: 6 | C90: 1 | D90: 1 | E90: 8 | F90: 0 | G90: 0 | J90: Intervención de espectáculos públicos | O90: =PI!K94 -> 0
A91: 11 | B91: 6 | C91: 1 | D91: 2 | E91: 1 | F91: 0 | G91: 0 | J91: Incentivos por administración de impuestos y derechos municipales coordinados y sus accesorios. | O91: =PI!K95 -> 0
A92: 11 | B92: 6 | C92: 1 | D92: 2 | E92: 4 | F92: 0 | G92: 0 | J92: Incentivos por actos de fiscalización concurrentes con el municipio | O92: =PI!K96 -> 0
A93: 11 | B93: 6 | C93: 1 | D93: 2 | E93: 6 | F93: 0 | G93: 0 | J93: Incentivos por créditos fiscales del Estado | O93: =PI!K97 -> 0
... A95: 11 | B95: 6 | C95: 1 | D95: 2 | E95: 9 | F95: 0 | G95: 0 | J95: Otros Aprovechamientos | O95: =PI!K99 -> 930933
A96: 11 | B96: 6 | C96: 2 | D96: 0 | E96: 0 | F96: 0 | G96: 0 | I96: Aprovechamientos Patrimoniales. | P96: =SUM(O97:O103) -> 0
A97: 11 | B97: 6 | C97: 2 | D97: 0 | E97: 1 | F97: 0 | G97: 0 | J97: Recuperación de patrimonio por liquidación de fideicomisos | O97: =PI!K101 -> 0
A98: 11 | B98: 6 | C98: 2 | D98: 0 | E98: 2 | F98: 0 | G98: 0 | J98: Arrendamiento y explotación de bienes muebles | O98: =PI!K102 -> 0
A99: 11 | B99: 6 | C99: 2 | D99: 0 | E99: 3 | F99: 0 | G99: 0 | J99: Arrendamiento y explotación de bienes inmuebles | O99: =PI!K103 -> 0
A100: 11 | B100: 6 | C100: 2 | D100: 0 | E100: 4 | F100: 0 | G100: 0 | J100: Intereses de valores, créditos y bonos | O100: =PI!K104 -> 0
A101: 11 | B101: 6 | C101: 2 | D101: 0 | E101: 5 | F101: 0 | G101: 0 | J101: Por el uso, aprovechamiento o enajenación de bienes no sujetos al régimen de dominio público | O101: =PI!K105 -> 0
...

Sheet PI
A1: PRESUPUESTO DE INGRESOS DEL EJERCICIO FISCAL 2024
A3: NOMBRE DEL MUNICIPIO: | I3: ECUANDUREO, MICHOACAN | O3: EJERCICIO PRESUPUESTAL: 2024
A4: TOTAL DEL PRESUPUESTO DE INGRESOS: | K4: =K173 -> 86869401
A5: F.F | B5: FINANCIAMIENTO | C5: CÒDIGO | I5: RUBRO/TIPO/CLASE/CONCEPTO | K5: ANUAL | L5: ENERO | M5: FEBRERO | N5: MARZO | O5: ABRIL | P5: MAYO | Q5: JUNIO | R5: JULIO | S5: AGOSTO | T5: SEPTIEMBRE | U5: OCTUBRE | V5: NOVIEMBRE | W5: DICIEMBRE
C6: R | D6: T | E6: CL | G6: CO | I6: EXISTENCIA PERIODO ANTERIOR | J6: nivel | K6: =SUM(L6:W6) -> 0
A7: 1 | B7: NO ETIQUETADO | J7: 0 | K7: =SUM(L7:W7) -> 20184232 | L7: =L8+L113 -> 7566680.6 | M7: =M8+M113 -> 3305877 | N7: =N8+N113 -> 1346039.8 | O7: =O8+O113 -> 1136627.6 | P7: =P8+P113 -> 936365.45 | Q7: =Q8+Q113 -> 1012006.2 | R7: =R8+R113 -> 1050253.7 | S7: =S8+S113 -> 944297.91 | ... W7: =W8+W113 -> 771075.87
A8: 11 | B8: RECURSOS FISCALES | J8: 0 | K8: =SUM(L8:W8) -> 13499806 | L8: =L9+L30+L36+L75+L84 -> 4889982.6 | M8: =M9+M30+M36+M75+M84 -> 2252370 | N8: =N9+N30+N36+N75+N84 -> 828206.77 | O8: =O9+O30+O36+O75+O84 -> 800929.55 | P8: =P9+P30+P36+P75+P84 -> 612887.45 | Q8: =Q9+Q30+Q36+Q75+Q84 -> 758556.22 | R8: =R9+R30+R36+R75+R84 -> 799775.72 | S8: =S9+S30+S36+S75+S84 -> 684659.91 | ... W8: =W9+W30+W36+W75+W84 -> 520708.87
A9: 11 | C9: 1 | D9: 0 | E9: 0 | F9: 0 | G9: 0 | H9: 0 | I9: IMPUESTOS. | J9: 1 | K9: =SUM(L9:W9) -> 5864148.7 | L9: =L10+L13+L19+L21+L26+L28 -> 3767825.8 | M9: =M10+M13+M19+M21+M26+M28 -> 1314204.8 | N9: =N10+N13+N19+N21+N26+N28 -> 210874.49 | O9: =O10+O13+O19+O21+O26+O28 -> 78518.512 | P9: =P10+P13+P19+P21+P26+P28 -> 36655.981 | Q9: =Q10+Q13+Q19+Q21+Q26+Q28 -> 91311.574 | R9: =R10+R13+R19+R21+R26+R28 -> 92908.914 | S9: =S10+S13+S19+S21+S26+S28 -> 47378.377 | ... W9: =W10+W13+W19+W21+W26+W28 -> 63162.872
A10: 11 | C10: 1 | D10: 1 | E10: 0 | F10: 0 | G10: 0 | H10: 0 | I10: Impuestos Sobre los Ingresos. | J10: 2 | K10: =SUM(L10:W10) -> 0 | L10: =SUM(L11:L12) -> 0 | M10: =SUM(M11:M12) -> 0 | N10: =SUM(N11:N12) -> 0 | O10: =SUM(O11:O12) -> 0 | P10: =SUM(P11:P12) -> 0 | Q10: =SUM(Q11:Q12) -> 0 | R10: =SUM(R11:R12) -> 0 | S10: =SUM(S11:S12) -> 0 | ... W10: =SUM(W11:W12) -> 0
A11: 11 | C11: 1 | D11: 1 | E11: 0 | F11: 1 | G11: 0 | H11: 0 | I11: Impuesto sobre loterías, rifas, sorteos y concursos | J11: 4 | K11: =SUM(L11:W11) -> 0
A12: 11 | C12: 1 | D12: 1 | E12: 0 | F12: 2 | G12: 0 | H12: 0 | I12: Impuesto sobre espectáculos públicos | J12: 4 | K12: =SUM(L12:W12) -> 0
A13: 11 | C13: 1 | D13: 2 | E13: 0 | F13: 0 | G13: 0 | H13: 0 | I13: Impuestos Sobre el Patrimonio. | J13: 2 | K13: =SUM(L13:W13) -> 5450519.7 | L13: =L14+L18 -> 3701256 | M13: =M14+M18 -> 1270584.3 | N13: =N14+N18 -> 145971.19 | O13: =O14+O18 -> 55068.712 | P13: =P14+P18 -> 27573.281 | Q13: =Q14+Q18 -> 37335.674 | R13: =R14+R18 -> 53250.614 | S13: =S14+S18 -> 11587.677 | ... W13: =W14+W18 -> 25916.872
A14: 11 | C14: 1 | D14: 2 | E14: 0 | F14: 1 | G14: 0 | H14: 0 | I14: Impuesto predial. | J14: 2.5 | K14: =SUM(L14:W14) -> 5450519.7 | L14: =SUM(L15:L17) -> 3701256 | M14: =SUM(M15:M17) -> 1270584.3 | N14: =SUM(N15:N17) -> 145971.19 | O14: =SUM(O15:O17) -> 55068.712 | P14: =SUM(P15:P17) -> 27573.281 | Q14: =SUM(Q15:Q17) -> 37335.674 | R14: =SUM(R15:R17) -> 53250.614 | S14: =SUM(S15:S17) -> 11587.677 | ... W14: =SUM(W15:W17) -> 25916.872
A15: 11 | C15: 1 | D15: 2 | E15: 0 | F15: 1 | G15: 0 | H15: 1 | I15: Impuesto predial urbano | J15: 4 | K15: =SUM(L15:W15) -> 4509649.5 | L15: 3119467.2 | M15: 1006633.2 | N15: 110683.57 | O15: 25171.907 | P15: 24055.657 | Q15: 33813.26 | R15: 50631.26 | S15: 8072.4487 | T15: 2661.2731 | U15: 11968.543 | V15: 93511.054 | W15: 22980.129
A16: 11 | C16: 1 | D16: 2 | E16: 0 | F16: 1 | G16: 0 | H16: 2 | I16: Impuesto predial rústico | J16: 4 | K16: =SUM(L16:W16) -> 940870.24 | L16: 581788.8 | M16: 263951.11 | N16: 35287.619 | O16: 29896.805 | P16: 3517.6234 | Q16: 3522.4142 | R16: 2619.3539 | S16: 3515.228 | T16: 1406.0912 | U16: 1415.6727 | V16: 11012.784 | W16: 2936.7425
A17: 11 | C17: 1 | D17: 2 | E17: 0 | F17: 1 | G17: 0 | H17: 3 | I17: Impuesto predial ejidal y comunal | J17: 4 | K17: =SUM(L17:W17) -> 0 | L17: 0 | M17: 0 | N17: 0 | O17: 0 | P17: 0 | Q17: 0 | R17: 0 | S17: 0 | T17: 0 | U17: 0 | V17: 0 | W17: 0
A18: 11 | C18: 1 | D18: 2 | E18: 0 | F18: 2 | G18: 0 | H18: 0 | I18: Impuesto sobre lotes baldíos, sin bardear o falta de banquetas | J18: 4 | K18: =SUM(L18:W18) -> 0 | L18: 0 | M18: 0 | N18: 0 | O18: 0 | P18: 0 | Q18: 0 | R18: 0 | S18: 0 | T18: 0 | U18: 0 | V18: 0 | W18: 0
A19: 11 | C19: 1 | D19: 3 | E19: 0 | F19: 0 | G19: 0 | H19: 0 | I19: Impuesto Sobre la Producción, el Consumo y las Transacciones. | J19: 2 | K19: =SUM(L19:W19) -> 227897 | L19: =L20 -> 28048.9 | M19: =M20 -> 29829.8 | N19: =N20 -> 29616.4 | O19: =O20 -> 12804 | P19: =P20 -> 4393.4 | Q19: =Q20 -> 24241.8 | R19: =R20 -> 16513.2 | S19: =S20 -> 25943.5 | ... W19: =W20 -> 25627
A20: 11 | C20: 1 | D20: 3 | E20: 0 | F20: 3 | G20: 0 | H20: 0 | I20: Impuesto sobre adquisición de inmuebles | J20: 4 | K20: =SUM(L20:W20) -> 227897 | L20: 28048.9 | M20: 29829.8 | N20: 29616.4 | O20: 12804 | P20: 4393.4 | Q20: 24241.8 | R20: 16513.2 | S20: 25943.5 | T20: 14537 | U20: 9612 | V20: 6730 | W20: 25627
A21: 11 | C21: 1 | D21: 7 | E21: 0 | F21: 0 | G21: 0 | H21: 0 | I21: Accesorios de Impuestos. | J21: 2 | K21: =SUM(L21:W21) -> 185732 | L21: =SUM(L22:L25) -> 38520.9 | M21: =SUM(M22:M25) -> 13790.7 | N21: =SUM(N22:N25) -> 35286.9 | O21: =SUM(O22:O25) -> 10645.8 | P21: =SUM(P22:P25) -> 4689.3 | Q21: =SUM(Q22:Q25) -> 29734.1 | R21: =SUM(R22:R25) -> 23145.1 | S21: =SUM(S22:S25) -> 9847.2 | ... W21: =SUM(W22:W25) -> 11619
A22: 11 | C22: 1 | D22: 7 | E22: 0 | F22: 2 | G22: 0 | H22: 0 | I22: Recargos de impuestos municipales | J22: 4 | K22: =SUM(L22:W22) -> 82692.1 | L22: 20662.4 | M22: 6612.1 | N22: 7549.3 | O22: 3019.5 | P22: 1156.1 | Q22: 17537.3 | R22: 11528 | S22: 2776.4 | T22: 688 | U22: 1468 | V22: 0 | W22: 9695
A23: 11 | C23: 1 | D23: 7 | E23: 0 | F23: 4 | G23: 0 | H23: 0 | I23: Multas y/o sanciones de impuestos municipales | J23: 4 | K23: =SUM(L23:W23) -> 103039.9 | L23: 17858.5 | M23: 7178.6 | N23: 27737.6 | O23: 7626.3 | P23: 3533.2 | Q23: 12196.8 | R23: 11617.1 | S23: 7070.8 | T23: 2163 | U23: 4134 | V23: 0 | W23: 1924
A24: 11 | C24: 1 | D24: 7 | E24: 0 | F24: 6 | G24: 0 | H24: 0 | I24: Honorarios y gastos de ejecución de impuestos municipales | J24: 4 | K24: =SUM(L24:W24) -> 0
A25: 11 | C25: 1 | D25: 7 | E25: 0 | F25: 8 | G25: 0 | H25: 0 | I25: Actualizaciones de impuestos municipales | J25: 4 | K25: =SUM(L25:W25) -> 0
A26: 11 | C26: 1 | D26: 8 | E26: 0 | F26: 0 | G26: 0 | H26: 0 | I26: Otros Impuestos. | J26: 2 | K26: =SUM(L26:W26) -> 0 | L26: =L27 -> 0 | M26: =M27 -> 0 | N26: =N27 -> 0 | O26: =O27 -> 0 | P26: =P27 -> 0 | Q26: =Q27 -> 0 | R26: =R27 -> 0 | S26: =S27 -> 0 | ... W26: =W27 -> 0
A27: 11 | C27: 1 | D27: 8 | E27: 0 | F27: 1 | G27: 0 | H27: 0 | I27: Otros impuestos (Desglose por COEAC a petición del Ente Público) | J27: 4 | K27: =SUM(L27:W27) -> 0
A28: 11 | C28: 1 | D28: 9 | E28: 0 | F28: 0 | G28: 0 | H28: 0 | I28: Impuestos no Comprendidos en la Ley de Ingresos Causados en Ejercicios Fiscales Anteriores Pendientes de Liquidación o Pago. | K28: =SUM(L28:W28) -> 0 | L28: =L29 -> 0 | M28: =M29 -> 0 | N28: =N29 -> 0 | O28: =O29 -> 0 | P28: =P29 -> 0 | Q28: =Q29 -> 0 | R28: =R29 -> 0 | S28: =S29 -> 0 | ... W28: =W29 -> 0
A29: 11 | C29: 1 | D29: 9 | E29: 0 | F29: 1 | G29: 0 | H29: 0 | I29: Impuestos no Comprendidos en la Ley de Ingresos Causados en Ejercicios Fiscales Anteriores Pendientes de Liquidación o Pago. | K29: =SUM(L29:W29) -> 0
A30: 11 | C30: 3 | D30: 0 | E30: 0 | F30: 0 | G30: 0 | H30: 0 | I30: CONTRIBUCIONES DE MEJORAS. | J30: 1 | K30: =SUM(L30:W30) -> 0 | L30: =L31+L34 -> 0 | M30: =M31+M34 -> 0 | N30: =N31+N34 -> 0 | O30: =O31+O34 -> 0 | P30: =P31+P34 -> 0 | Q30: =Q31+Q34 -> 0 | R30: =R31+R34 -> 0 | S30: =S31+S34 -> 0 | ... W30: =W31+W34 -> 0
A31: 11 | C31: 3 | D31: 1 | E31: 0 | F31: 0 | G31: 0 | H31: 0 | I31: Contribuciones de Mejoras por Obras Públicas. | J31: 2 | K31: =SUM(L31:W31) -> 0 | L31: =SUM(L32:L33) -> 0 | M31: =SUM(M32:M33) -> 0 | N31: =SUM(N32:N33) -> 0 | O31: =SUM(O32:O33) -> 0 | P31: =SUM(P32:P33) -> 0 | Q31: =SUM(Q32:Q33) -> 0 | R31: =SUM(R32:R33) -> 0 | S31: =SUM(S32:S33) -> 0 | ... W31: =SUM(W32:W33) -> 0
A32: 11 | C32: 3 | D32: 1 | E32: 0 | F32: 1 | G32: 0 | H32: 0 | I32: De aumento de valor y mejoría especifica de la propiedad | J32: 4 | K32: =SUM(L32:W32) -> 0
A33: 11 | C33: 3 | D33: 1 | E33: 0 | F33: 2 | G33: 0 | H33: 0 | I33: De la aportación para mejoras | J33: 4 | K33: =SUM(L33:W33) -> 0
A34: 11 | C34: 3 | D34: 9 | E34: 0 | F34: 0 | G34: 0 | H34: 0 | I34: Contribuciones de Mejoras no Comprendidas en la Ley de Ingresos Causadas en Ejercicios Fiscales Anteriores Pendientes de Liquidación o Pago. | J34: 2 | K34: =SUM(L34:W34) -> 0 | L34: =L35 -> 0 | M34: =M35 -> 0 | N34: =N35 -> 0 | O34: =O35 -> 0 | P34: =P35 -> 0 | Q34: =Q35 -> 0 | R34: =R35 -> 0 | S34: =S35 -> 0 | ... W34: =W35 -> 0
A35: 11 | C35: 3 | D35: 9 | E35: 0 | F35: 1 | G35: 0 | H35: 0 | I35: Contribuciones de mejoras no comprendidas en la Ley de Ingresos causadas en ejercicios fiscales anteriores pendientes de liquidación o pago (Desglose por COEAC a petición del Ente Público) | J35: 4 | K35: =SUM(L35:W35) -> 0
A36: 11 | C36: 4 | D36: 0 | E36: 0 | F36: 0 | G36: 0 | H36: 0 | I36: DERECHOS. | J36: 1 | K36: =SUM(L36:W36) -> 6701923.6 | L36: =L37+L39+L53+L68+L73 -> 1106365.1 | M36: =M37+M39+M53+M68+M73 -> 821051.98 | N36: =N37+N39+N53+N68+N73 -> 538966.72 | O36: =O37+O39+O53+O68+O73 -> 613260.62 | P36: =P37+P39+P53+P68+P73 -> 479705.23 | Q36: =Q37+Q39+Q53+Q68+Q73 -> 520946.73 | R36: =R37+R39+R53+R68+R73 -> 578237.67 | S36: =S37+S39+S53+S68+S73 -> 518927.53 | ... W36: =W37+W39+W53+W68+W73 -> 433478
A37: 11 | C37: 4 | D37: 1 | E37: 0 | F37: 0 | G37: 0 | H37: 0 | I37: Derechos por el Uso, Goce, Aprovechamiento o Explotación de Bienes de Dominio Público. | J37: 2 | K37: =SUM(L37:W37) -> 460026.6 | L37: =L38 -> 359348 | M37: =M38 -> 9339 | N37: =N38 -> 12380.5 | O37: =O38 -> 6850.8 | P37: =P38 -> 5742 | Q37: =Q38 -> 9410.5 | R37: =R38 -> 7279.8 | S37: =S38 -> 8316 | ... W37: =W38 -> 13762
A38: 11 | C38: 4 | D38: 1 | E38: 0 | F38: 1 | G38: 0 | H38: 0 | I38: Por ocupación de la vía pública y servicios de mercados | J38: 4 | K38: =SUM(L38:W38) -> 460026.6 | L38: 359348 | M38: 9339 | N38: 12380.5 | O38: 6850.8 | P38: 5742 | Q38: 9410.5 | R38: 7279.8 | S38: 8316 | T38: 5694 | U38: 10036 | V38: 11868 | W38: 13762
A39: 11 | C39: 4 | D39: 3 | E39: 0 | F39: 0 | G39: 0 | H39: 0 | I39: Derechos por Prestación de Servicios. | J39: 2 | K39: =SUM(L39:W39) -> 3759554.5 | L39: =L40 -> 543441.72 | M39: =M40 -> 564938.28 | N39: =N40 -> 249232.49 | O39: =O40 -> 340603.12 | P39: =P40 -> 288854.13 | Q39: =Q40 -> 319542.93 | R39: =R40 -> 315446.27 | S39: =S40 -> 340804.53 | ... W39: =W40 -> 249009
A40: 11 | C40: 4 | D40: 3 | E40: 0 | F40: 2 | G40: 0 | H40: 0 | I40: Derechos por la Prestación de Servicios Municipales. | J40: 3 | K40: =SUM(L40:W40) -> 3759554.5 | L40: =SUM(L41:L52) -> 543441.72 | M40: =SUM(M41:M52) -> 564938.28 | N40: =SUM(N41:N52) -> 249232.49 | O40: =SUM(O41:O52) -> 340603.12 | P40: =SUM(P41:P52) -> 288854.13 | Q40: =SUM(Q41:Q52) -> 319542.93 | R40: =SUM(R41:R52) -> 315446.27 | S40: =SUM(S41:S52) -> 340804.53 | ... W40: =SUM(W41:W52) -> 249009
A41: 11 | C41: 4 | D41: 3 | E41: 0 | F41: 2 | G41: 0 | H41: 1 | I41: Por servicios de alumbrado público | J41: 4 | K41: =SUM(L41:W41) -> 2884633.5 | L41: 173824.12 | M41: 385688.88 | N41: 156443.09 | O41: 304842.12 | P41: 241449.07 | Q41: 305383.73 | R41: 243886.87 | S41: 330025.63 | T41: 132887 | U41: 209682 | V41: 173023 | W41: 227498
A42: 11 | C42: 4 | D42: 3 | E42: 0 | F42: 2 | G42: 0 | H42: 2 | I42: Por la prestación del servicio de agua potable, alcantarillado y saneamiento | J42: 4 | K42: =SUM(L42:W42) -> 0
A43: 11 | C43: 4 | D43: 3 | E43: 0 | F43: 2 | G43: 0 | H43: 3 | I43: Por servicio de panteones | J43: 4 | K43: =SUM(L43:W43) -> 599310.4 | L43: 340717.3 | M43: 128227 | N43: 38452.7 | O43: 11281.6 | P43: 31695.4 | Q43: 1273.8 | R43: 5584.7 | S43: 8248.9 | T43: 8112 | U43: 6900 | V43: 12680 | W43: 6137
A44: 11 | C44: 4 | D44: 3 | E44: 0 | F44: 2 | G44: 0 | H44: 4 | I44: Por servicio de rastro | J44: 4 | K44: =SUM(L44:W44) -> 0
A45: 11 | C45: 4 | D45: 3 | E45: 0 | F45: 2 | G45: 0 | H45: 5 | I45: Por servicios de control canino | J45: 4 | K45: =SUM(L45:W45) -> 0 | L45: 0
A46: 11 | C46: 4 | D46: 3 | E46: 0 | F46: 2 | G46: 0 | H46: 6 | I46: Por reparación en la vía pública | J46: 4 | K46: =SUM(L46:W46) -> 0 | L46: 0
A47: 11 | C47: 4 | D47: 3 | E47: 0 | F47: 2 | G47: 0 | H47: 7 | I47: Por servicios de protección civil | J47: 4 | K47: =SUM(L47:W47) -> 275610.56 | L47: 28900.3 | M47: 51022.4 | N47: 54336.7 | O47: 24479.4 | P47: 15709.661 | Q47: 12885.4 | R47: 65974.7 | S47: 2530 | T47: 740 | U47: 464 | V47: 3194 | W47: 15374
A48: 11 | C48: 4 | D48: 3 | E48: 0 | F48: 2 | G48: 0 | H48: 8 | I48: Por servicios de parques y jardines | J48: 4 | K48: =SUM(L48:W48) -> 0 | L48: 0
A49: 11 | C49: 4 | D49: 3 | E49: 0 | F49: 2 | G49: 0 | H49: 9 | I49: Por servicios de tránsito y vialidad | J49: 4 | K49: =SUM(L49:W49) -> 0 | L49: 0
A50: 11 | C50: 4 | D50: 3 | E50: 0 | F50: 2 | G50: 1 | H50: 0 | I50: Por servicios de vigilancia | J50: 4 | K50: =SUM(L50:W50) -> 0 | L50: 0
A51: 11 | C51: 4 | D51: 3 | E51: 0 | F51: 2 | G51: 1 | H51: 1 | I51: Por servicios de catastro | J51: 4 | K51: =SUM(L51:W51) -> 0 | L51: 0
A52: 11 | C52: 4 | D52: 3 | E52: 0 | F52: 2 | G52: 1 | H52: 2 | I52: Por servicios oficiales diversos | J52: 4 | K52: =SUM(L52:W52) -> 0 | L52: 0
A53: 11 | C53: 4 | D53: 4 | E53: 0 | F53: 0 | G53: 0 | H53: 0 | I53: Otros Derechos. | J53: 2 | K53: =SUM(L53:W53) -> 2482342.5 | L53: =L54 -> 203575.42 | M53: =M54 -> 246774.7 | N53: =N54 -> 277353.73 | O53: =O54 -> 265806.7 | P53: =P54 -> 185109.1 | Q53: =Q54 -> 191993.3 | R53: =R54 -> 255511.6 | S53: =S54 -> 169807 | ... W53: =W54 -> 170707
A54: 11 | C54: 4 | D54: 4 | E54: 0 | F54: 2 | G54: 0 | H54: 0 | I54: Otros Derechos Municipales. | J54: 3 | K54: =SUM(L54:W54) -> 2482342.5 | L54: =SUM(L55:L67) -> 203575.42 | M54: =SUM(M55:M67) -> 246774.7 | N54: =SUM(N55:N67) -> 277353.73 | O54: =SUM(O55:O67) -> 265806.7 | P54: =SUM(P55:P67) -> 185109.1 | Q54: =SUM(Q55:Q67) -> 191993.3 | R54: =SUM(R55:R67) -> 255511.6 | S54: =SUM(S55:S67) -> 169807 | ... W54: =SUM(W55:W67) -> 170707
A55: 11 | C55: 4 | D55: 4 | E55: 0 | F55: 2 | G55: 0 | H55: 1 | I55: Por expedición, revalidación y canje de permisos o licencias para funcionamiento de establecimientos | J55: 4 | K55: =SUM(L55:W55) -> 443157.65 | L55: 41085.616 | M55: 69034.9 | N55: 92392.432 | O55: 91696 | P55: 12013.1 | Q55: 19426 | R55: 79156 | S55: 2371.6 | T55: 13000 | U55: 239 | V55: 13000 | W55: 9743
A56: 11 | C56: 4 | D56: 4 | E56: 0 | F56: 2 | G56: 0 | H56: 2 | I56: Por expedición y revalidación de licencias o permisos para la colocación de anuncios publicitarios | J56: 4 | K56: =SUM(L56:W56) -> 126111 | L56: 0 | M56: 18000 | N56: 18000 | O56: 16000 | P56: 17600 | Q56: 19488 | R56: 21436 | S56: 0 | T56: 0 | U56: 0 | V56: 15587 | W56: 0
A57: 11 | C57: 4 | D57: 4 | E57: 0 | F57: 2 | G57: 0 | H57: 3 | I57: Por alineamiento de fincas urbanas o rústicas | J57: 4 | K57: =SUM(L57:W57) -> 0 | L57: 0
A58: 11 | C58: 4 | D58: 4 | E58: 0 | F58: 2 | G58: 0 | H58: 4 | I58: Por licencias de construcción, remodelación, reparación o restauración de fincas | J58: 4 | K58: =SUM(L58:W58) -> 3168 | L58: 0 | O58: 3168
A59: 11 | C59: 4 | D59: 4 | E59: 0 | F59: 2 | G59: 0 | H59: 5 | I59: Por numeración oficial de fincas urbanas | J59: 4 | K59: =SUM(L59:W59) -> 0 | L59: 0
A60: 11 | C60: 4 | D60: 4 | E60: 0 | F60: 2 | G60: 0 | H60: 6 | I60: Por expedición de certificados, títulos, copias de documentos y legalización de firmas | J60: 4 | K60: =SUM(L60:W60) -> 54807.4 | L60: 6289.8 | M60: 7411.8 | N60: 5481.3 | O60: 5727.7 | P60: 3674 | Q60: 4579.3 | R60: 4368.1 | S60: 5680.4 | T60: 3455 | U60: 3385 | V60: 2491 | W60: 2264
A61: 11 | C61: 4 | D61: 4 | E61: 0 | F61: 2 | G61: 0 | H61: 7 | I61: Por registro de señales, marcas de herrar y refrendo de patentes | J61: 4 | K61: =SUM(L61:W61) -> 0 | L61: 0
A62: 11 | C62: 4 | D62: 4 | E62: 0 | F62: 2 | G62: 0 | H62: 8 | I62: Por servicios urbanísticos | J62: 4 | K62: =SUM(L62:W62) -> 73098.5 | L62: 7700 | M62: 3828 | N62: 12980 | O62: 715 | P62: 3322 | Q62: 0 | R62: 2051.5 | S62: 13255 | T62: 5332 | U62: 7628 | V62: 6087 | W62: 10200
A63: 11 | C63: 4 | D63: 4 | E63: 0 | F63: 2 | G63: 0 | H63: 9 | I63: Por servicios de aseo público | J63: 4 | K63: =SUM(L63:W63) -> 0 | L63: 0
A64: 11 | C64: 4 | D64: 4 | E64: 0 | F64: 2 | G64: 1 | H64: 0 | I64: Por servicios de administración ambiental | J64: 4 | K64: =SUM(L64:W64) -> 0 | L64: 0
A65: 11 | C65: 4 | D65: 4 | E65: 0 | F65: 2 | G65: 1 | H65: 1 | I65: Por inscripción a padrones. | J65: 4 | K65: =SUM(L65:W65) -> 0 | L65: 0
A66: 11 | C66: 4 | D66: 4 | E66: 0 | F66: 2 | G66: 1 | H66: 2 | I66: Por acceso a museos. | J66: 4 | K66: =SUM(L66:W66) -> 0 | L66: 0
A67: 11 | C67: 4 | D67: 4 | E67: 0 | F67: 2 | G67: 1 | H67: 3 | I67: Derechos Diversos | J67: 4 | K67: =SUM(L67:W67) -> 1782000 | L67: =9900*15 -> 148500 | M67: =9900*15 -> 148500 | N67: =9900*15 -> 148500 | O67: =9900*15 -> 148500 | P67: =9900*15 -> 148500 | Q67: =9900*15 -> 148500 | R67: =9900*15 -> 148500 | S67: =9900*15 -> 148500 | ... W67: =9900*15 -> 148500
A68: 11 | C68: 4 | D68: 5 | E68: 0 | F68: 0 | G68: 0 | H68: 0 | I68: Accesorios de Derechos. | J68: 2 | K68: =SUM(L68:W68) -> 0 | L68: =SUM(L69:L72) -> 0 | M68: =SUM(M69:M72) -> 0 | N68: =SUM(N69:N72) -> 0 | O68: =SUM(O69:O72) -> 0 | P68: =SUM(P69:P72) -> 0 | Q68: =SUM(Q69:Q72) -> 0 | R68: =SUM(R69:R72) -> 0 | S68: =SUM(S69:S72) -> 0 | ... W68: =SUM(W69:W72) -> 0
A69: 11 | C69: 4 | D69: 5 | E69: 0 | F69: 2 | G69: 0 | H69: 0 | I69: Recargos de derechos municipales | J69: 4 | K69: =SUM(L69:W69) -> 0
A70: 11 | C70: 4 | D70: 5 | E70: 0 | F70: 4 | G70: 0 | H70: 0 | I70: Multas y/o sanciones de derechos municipales | J70: 4 | K70: =SUM(L70:W70) -> 0
A71: 11 | C71: 4 | D71: 5 | E71: 0 | F71: 6 | G71: 0 | H71: 0 | I71: Honorarios y gastos de ejecución de derechos municipales | J71: 4 | K71: =SUM(L71:W71) -> 0
A72: 11 | C72: 4 | D72: 5 | E72: 0 | F72: 8 | G72: 0 | H72: 0 | I72: Actualizaciones de derechos municipales | J72: 4 | K72: =SUM(L72:W72) -> 0
A73: 11 | C73: 4 | D73: 9 | E73: 0 | F73: 0 | G73: 0 | H73: 0 | I73: Derechos no Comprendidos en las Fracciones de la Ley de Ingresos Causados en Ejercicios Fiscales Anteriores Pendientes de Liquidación o Pago. | J73: 2 | K73: =SUM(L73:W73) -> 0 | L73: =L74 -> 0 | M73: =M74 -> 0 | N73: =N74 -> 0 | O73: =O74 -> 0 | P73: =P74 -> 0 | Q73: =Q74 -> 0 | R73: =R74 -> 0 | S73: =S74 -> 0 | ... W73: =W74 -> 0
A74: 11 | C74: 4 | D74: 9 | E74: 0 | F74: 1 | G74: 0 | H74: 0 | I74: Derechos no comprendidos en las fracciones de la Ley de Ingresos causados en ejercicios fiscales anteriores pendientes de liquidación o pago | J74: 4 | K74: =SUM(L74:W74) -> 0
A75: 11 | C75: 5 | D75: 0 | E75: 0 | F75: 0 | G75: 0 | H75: 0 | I75: PRODUCTOS. | J75: 1 | K75: =SUM(L75:W75) -> 2800.168 | L75: =L76+L82 -> 6.611 | M75: =M76+M82 -> 13.288 | N75: =N76+N82 -> 18.557 | O75: =O76+O82 -> 14.421 | P75: =P76+P82 -> 504.24 | Q75: =Q76+Q82 -> 11.924 | R75: =R76+R82 -> 17.127 | S75: =S76+S82 -> 0 | ... W75: =W76+W82 -> 817
A76: 11 | C76: 5 | D76: 1 | E76: 0 | F76: 0 | G76: 0 | H76: 0 | I76: Productos de Tipo Corriente. | J76: 2 | K76: =SUM(L76:W76) -> 2800.168 | L76: =SUM(L77:L81) -> 6.611 | M76: =SUM(M77:M81) -> 13.288 | N76: =SUM(N77:N81) -> 18.557 | O76: =SUM(O77:O81) -> 14.421 | P76: =SUM(P77:P81) -> 504.24 | Q76: =SUM(Q77:Q81) -> 11.924 | R76: =SUM(R77:R81) -> 17.127 | S76: =SUM(S77:S81) -> 0 | ... W76: =SUM(W77:W81) -> 817
A77: 11 | C77: 5 | D77: 1 | E77: 0 | F77: 1 | G77: 0 | H77: 0 | I77: Enajenación de bienes muebles e inmuebles no sujetos a registro | J77: 4 | K77: =SUM(L77:W77) -> 0
A78: 11 | C78: 5 | D78: 1 | E78: 0 | F78: 2 | G78: 0 | H78: 0 | I78: Por los servicios que no corresponden a funciones de derecho público | J78: 4 | K78: =SUM(L78:W78) -> 0
A79: 11 | C79: 5 | D79: 1 | E79: 0 | F79: 3 | G79: 0 | H79: 0 | I79: Otros productos de tipo corriente | J79: 4 | K79: =SUM(L79:W79) -> 0
A80: 11 | C80: 5 | D80: 1 | E80: 0 | F80: 4 | G80: 0 | H80: 0 | I80: Accesorios de Productos | J80: 4 | K80: =SUM(L80:W80) -> 0
A81: 11 | C81: 5 | D81: 1 | E81: 0 | F81: 5 | G81: 0 | H81: 0 | I81: Rendimientos de capital | J81: 4 | K81: =SUM(L81:W81) -> 2800.168 | L81: 6.611 | M81: 13.288 | N81: 18.557 | O81: 14.421 | P81: 504.24 | Q81: 11.924 | R81: 17.127 | S81: 0 | T81: 1360 | U81: 18 | V81: 19 | W81: 817
A82: 11 | C82: 5 | D82: 9 | E82: 0 | F82: 0 | G82: 0 | H82: 0 | I82: Productos no Comprendidos en las Fracciones de la Ley de Ingresos Causados en Ejercicios Fiscales Anteriores Pendientes de Liquidación o Pago. | J82: 2 | K82: =SUM(L82:W82) -> 0 | L82: =L83 -> 0 | M82: =M83 -> 0 | N82: =N83 -> 0 | O82: =O83 -> 0 | P82: =P83 -> 0 | Q82: =Q83 -> 0 | R82: =R83 -> 0 | S82: =S83 -> 0 | ... W82: =W83 -> 0
A83: 11 | C83: 5 | D83: 9 | E83: 0 | F83: 1 | G83: 0 | H83: 0 | I83: Productos no comprendidos en las fracciones de la Ley de Ingresos causados en ejercicios fiscales anteriores pendientes de liquidación o pago | J83: 4 | K83: =SUM(L83:W83) -> 0
A84: 11 | C84: 6 | D84: 0 | E84: 0 | F84: 0 | G84: 0 | H84: 0 | I84: APROVECHAMIENTOS. | J84: 1 | K84: =SUM(L84:W84) -> 930933 | L84: =L85+L100+L108+L111 -> 15785 | M84: =M85+M100+M108+M111 -> 117100 | N84: =N85+N100+N108+N111 -> 78347 | O84: =O85+O100+O108+O111 -> 109136 | P84: =P85+P100+P108+P111 -> 96022 | Q84: =Q85+Q100+Q108+Q111 -> 146286 | R84: =R85+R100+R108+R111 -> 128612 | S84: =S85+S100+S108+S111 -> 118354 | ... W84: =W85+W100+W108+W111 -> 23251
A85: 11 | C85: 6 | D85: 1 | E85: 0 | F85: 0 | G85: 0 | H85: 0 | I85: Aprovechamientos. | J85: 2 | K85: =SUM(L85:W85) -> 930933 | L85: =SUM(L86:L99) -> 15785 | M85: =SUM(M86:M99) -> 117100 | N85: =SUM(N86:N99) -> 78347 | O85: =SUM(O86:O99) -> 109136 | P85: =SUM(P86:P99) -> 96022 | Q85: =SUM(Q86:Q99) -> 146286 | R85: =SUM(R86:R99) -> 128612 | S85: =SUM(S86:S99) -> 118354 | ... W85: =SUM(W86:W99) -> 23251
A86: 11 | C86: 6 | D86: 1 | E86: 0 | F86: 5 | G86: 0 | H86: 0 | I86: Multas por infracciones a otras disposiciones municipales no fiscales | J86: 4 | K86: =SUM(L86:W86) -> 0
A87: 11 | C87: 6 | D87: 1 | E87: 0 | F87: 6 | G87: 0 | H87: 0 | I87: Multas por faltas a la reglamentación municipal | J87: 4 | K87: =SUM(L87:W87) -> 0
A88: 11 | C88: 6 | D88: 1 | E88: 1 | F88: 0 | G88: 0 | H88: 0 | I88: Multas emitidas por organismos paramunicipales | J88: 4 | K88: =SUM(L88:W88) -> 0
A89: 11 | C89: 6 | D89: 1 | E89: 1 | F89: 1 | G89: 0 | H89: 0 | I89: Reintegros | J89: 4 | K89: =SUM(L89:W89) -> 0
A90: 11 | C90: 6 | D90: 1 | E90: 1 | F90: 2 | G90: 0 | H90: 0 | I90: Donativos | J90: 4 | K90: =SUM(L90:W90) -> 0
A91: 11 | C91: 6 | D91: 1 | E91: 1 | F91: 3 | G91: 0 | H91: 0 | I91: Indemnizaciones | J91: 4 | K91: =SUM(L91:W91) -> 0
A92: 11 | C92: 6 | D92: 1 | E92: 1 | F92: 4 | G92: 0 | H92: 0 | I92: Fianzas efectivas | J92: 4 | K92: =SUM(L92:W92) -> 0
A93: 11 | C93: 6 | D93: 1 | E93: 1 | F93: 7 | G93: 0 | H93: 0 | I93: Recuperaciones de costos | J93: 4 | K93: =SUM(L93:W93) -> 0
A94: 11 | C94: 6 | D94: 1 | E94: 1 | F94: 8 | G94: 0 | H94: 0 | I94: Intervención de espectáculos públicos | J94: 4 | K94: =SUM(L94:W94) -> 0
A95: 11 | C95: 6 | D95: 1 | E95: 2 | F95: 1 | G95: 0 | H95: 0 | I95: Incentivos por administracion de impuestos y derechos municipales coordinados y sus accesorios. | J95: 4 | K95: =SUM(L95:W95) -> 0
A96: 11 | C96: 6 | D96: 1 | E96: 2 | F96: 4 | G96: 0 | H96: 0 | I96: Incentivos por actos de fiscalización concurrentes con el municipio | J96: 4 | K96: =SUM(L96:W96) -> 0
A97: 11 | C97: 6 | D97: 1 | E97: 2 | F97: 6 | G97: 0 | H97: 0 | I97: Incentivos por créditos fiscales del Estado | J97: 4 | K97: =SUM(L97:W97) -> 0
A98: 11 | C98: 6 | D98: 1 | E98: 2 | F98: 7 | G98: 0 | H98: 0 | I98: Incentivos por créditos fiscales del Municipio | J98: 4 | K98: =SUM(L98:W98) -> 0
A99: 11 | C99: 6 | D99: 1 | E99: 2 | F99: 9 | G99: 0 | H99: 0 | I99: Otros Aprovechamientos | J99: 4 | K99: =SUM(L99:W99) -> 930933 | L99: 15785 | M99: =52100+65000 -> 117100 | N99: =13347+65000 -> 78347 | O99: =44136+65000 -> 109136 | P99: =31022+65000 -> 96022 | Q99: =81286+65000 -> 146286 | R99: =63612+65000 -> 128612 | S99: =53354+65000 -> 118354 | T99: 45905 | U99: 21395 | V99: 30740 | W99: 23251
A100: 11 | C100: 6 | D100: 2 | E100: 0 | F100: 0 | G100: 0 | H100: 0 | I100: Aprovechamientos Patrimoniales. | J100: 2 | K100: =SUM(L100:W100) -> 0 | L100: =SUM(L101:L107) -> 0 | M100: =SUM(M101:M107) -> 0 | N100: =SUM(N101:N107) -> 0 | O100: =SUM(O101:O107) -> 0 | P100: =SUM(P101:P107) -> 0 | Q100: =SUM(Q101:Q107) -> 0 | R100: =SUM(R101:R107) -> 0 | S100: =SUM(S101:S107) -> 0 | ... W100: =SUM(W101:W107) -> 0
A101: 11 | C101: 6 | D101: 2 | E101: 0 | F101: 1 | G101: 0 | H101: 0 | I101: Recuperación de patrimonio por liquidación de fideicomisos | J101: 4 | K101: =SUM(L101:W101) -> 0
...

Sheet CALENDARIO
A1: C R I | G1: CONCEPTOS DE INGRESOS | N1: ESTIMACION DE INGRESOS A NIVEL DE DETALLE (CAPTURAR SOLO ESPACIOS EN BLANCO)
A2: R | B2: T | C2: CL | E2: CO | N2: TOTAL ANUAL | O2: ENERO | P2: FEBRERO | Q2: MARZO | R2: ABRIL | S2: MAYO | T2: JUNIO | U2: JULIO | V2: AGOSTO | W2: SEPTIEMBRE | X2: OCTUBRE | Y2: NOVIEMBRE | Z2: DICIEMBRE
A3: 1 | B3: 0 | C3: 0 | D3: 0 | E3: 0 | F3: 0 | G3: IMPUESTOS.
A4: 1 | B4: 1 | C4: 0 | D4: 0 | E4: 0 | F4: 0 | H4: Impuestos Sobre los Ingresos.
A5: 1 | B5: 1 | C5: 0 | D5: 1 | E5: 0 | F5: 0 | I5: Impuesto sobre espectáculos públicos. | N5: =SUM(O5:Z5) -> 0 | O5: 0 | P5: 0 | Q5: 0 | R5: 0 | S5: 0 | T5: 0 | U5: 0 | V5: 0 | W5: 0 | X5: 0 | Y5: 0 | Z5: 0
A6: 1 | B6: 1 | C6: 0 | D6: 2 | E6: 0 | F6: 0 | I6: Impuesto sobre rifas, loterías, concursos o sorteos. | N6: =SUM(O6:Z6) -> 0 | O6: 0 | P6: 0 | Q6: 0 | R6: 0 | S6: 0 | T6: 0 | U6: 0 | V6: 0 | W6: 0 | X6: 0 | Y6: 0 | Z6: 0
A7: 1 | B7: 2 | C7: 0 | D7: 0 | E7: 0 | F7: 0 | H7: Impuestos Sobre el Patrimonio.
A8: 1 | B8: 2 | C8: 0 | D8: 1 | E8: 0 | F8: 0 | I8: Impuesto predial.
A9: 1 | B9: 2 | C9: 0 | D9: 1 | E9: 0 | F9: 1 | J9: Impuesto Predial Urbano. | N9: =SUM(O9:Z9) -> 0 | O9: 0 | P9: 0 | Q9: 0 | R9: 0 | S9: 0 | T9: 0 | U9: 0 | V9: 0 | W9: 0 | X9: 0 | Y9: 0 | Z9: 0
A10: 1 | B10: 2 | C10: 0 | D10: 1 | E10: 0 | F10: 2 | J10: Impuesto Predial Rústico. | N10: =SUM(O10:Z10) -> 0 | O10: 0 | P10: 0 | Q10: 0 | R10: 0 | S10: 0 | T10: 0 | U10: 0 | V10: 0 | W10: 0 | X10: 0 | Y10: 0 | Z10: 0
A11: 1 | B11: 2 | C11: 0 | D11: 1 | E11: 0 | F11: 3 | J11: Impuesto Predial Ejidal y Comunal. | N11: =SUM(O11:Z11) -> 0 | O11: 0 | P11: 0 | Q11: 0 | R11: 0 | S11: 0 | T11: 0 | U11: 0 | V11: 0 | W11: 0 | X11: 0 | Y11: 0 | Z11: 0
A12: 1 | B12: 2 | C12: 0 | D12: 2 | E12: 0 | F12: 0 | I12: Impuesto sobre lotes baldíos sin bardear o falta de banquetas. | N12: =SUM(O12:Z12) -> 0 | O12: 0 | P12: 0 | Q12: 0 | R12: 0 | S12: 0 | T12: 0 | U12: 0 | V12: 0 | W12: 0 | X12: 0 | Y12: 0 | Z12: 0
A13: 1 | B13: 3 | C13: 0 | D13: 0 | E13: 0 | F13: 0 | H13: Impuesto Sobre la Producción, el Consumo y las Transacciones.
A14: 1 | B14: 3 | C14: 0 | D14: 2 | E14: 0 | F14: 0 | I14: Impuesto sobre adquisición de Bienes inmuebles. | N14: =SUM(O14:Z14) -> 0 | O14: 0 | P14: 0 | Q14: 0 | R14: 0 | S14: 0 | T14: 0 | U14: 0 | V14: 0 | W14: 0 | X14: 0 | Y14: 0 | Z14: 0
A15: 1 | B15: 7 | C15: 0 | D15: 0 | E15: 0 | F15: 0 | H15: Accesorios de Impuestos.
A16: 1 | B16: 7 | C16: 0 | D16: 1 | E16: 0 | F16: 0 | I16: Recargos. | N16: =SUM(O16:Z16) -> 0 | O16: 0 | P16: 0 | Q16: 0 | R16: 0 | S16: 0 | T16: 0 | U16: 0 | V16: 0 | W16: 0 | X16: 0 | Y16: 0 | Z16: 0
A17: 1 | B17: 7 | C17: 0 | D17: 2 | E17: 0 | F17: 0 | I17: Multas. | N17: =SUM(O17:Z17) -> 0 | O17: 0 | P17: 0 | Q17: 0 | R17: 0 | S17: 0 | T17: 0 | U17: 0 | V17: 0 | W17: 0 | X17: 0 | Y17: 0 | Z17: 0
A18: 1 | B18: 7 | C18: 0 | D18: 3 | E18: 0 | F18: 0 | I18: Honorarios y gastos de ejecución. | N18: =SUM(O18:Z18) -> 0 | O18: 0 | P18: 0 | Q18: 0 | R18: 0 | S18: 0 | T18: 0 | U18: 0 | V18: 0 | W18: 0 | X18: 0 | Y18: 0 | Z18: 0
A19: 1 | B19: 7 | C19: 0 | D19: 4 | E19: 0 | F19: 0 | I19: Actualización. | N19: =SUM(O19:Z19) -> 0 | O19: 0 | P19: 0 | Q19: 0 | R19: 0 | S19: 0 | T19: 0 | U19: 0 | V19: 0 | W19: 0 | X19: 0 | Y19: 0 | Z19: 0
A20: 1 | B20: 7 | C20: 0 | D20: 5 | E20: 0 | F20: 0 | I20: Otros accesorios. | N20: =SUM(O20:Z20) -> 0 | O20: 0 | P20: 0 | Q20: 0 | R20: 0 | S20: 0 | T20: 0 | U20: 0 | V20: 0 | W20: 0 | X20: 0 | Y20: 0 | Z20: 0
A21: 1 | B21: 8 | C21: 0 | D21: 0 | E21: 0 | F21: 0 | H21: Otros Impuestos.
A22: 1 | B22: 8 | C22: 0 | D22: 1 | E22: 0 | F22: 0 | I22: Otros Impuestos. | N22: =SUM(O22:Z22) -> 0 | O22: 0 | P22: 0 | Q22: 0 | R22: 0 | S22: 0 | T22: 0 | U22: 0 | V22: 0 | W22: 0 | X22: 0 | Y22: 0 | Z22: 0
A23: 1 | B23: 9 | C23: 0 | D23: 0 | E23: 0 | F23: 0 | H23: Impuestos no Comprendidos en las Fracciones de la Ley de Ingresos Causados en Ejercicios Fiscales Anteriores Pendientes de Liquidación o Pago.
A24: 1 | B24: 9 | C24: 0 | D24: 1 | E24: 0 | F24: 0 | I24: Impuestos no Comprendidos en las Fracciones de la Ley de Ingresos Causados en Ejercicios Fiscales Anteriores Pendientes de Liquidación o Pago. | N24: =SUM(O24:Z24) -> 0 | O24: 0 | P24: 0 | Q24: 0 | R24: 0 | S24: 0 | T24: 0 | U24: 0 | V24: 0 | W24: 0 | X24: 0 | Y24: 0 | Z24: 0
A25: 2 | B25: 0 | C25: 0 | D25: 0 | E25: 0 | F25: 0 | G25: CUOTAS Y APORTACIONES DE SEGURIDAD SOCIAL. (NO APLICA)
A26: 3 | B26: 0 | C26: 0 | D26: 0 | E26: 0 | F26: 0 | G26: CONTRIBUCIONES DE MEJORAS.
A27: 3 | B27: 1 | C27: 0 | D27: 0 | E27: 0 | F27: 0 | H27: Contribución de mejoras por obras públicas.
A28: 3 | B28: 1 | C28: 0 | D28: 1 | E28: 0 | F28: 0 | I28: De aumento de valor y mejoría especifica de la propiedad. | N28: =SUM(O28:Z28) -> 0
A29: 3 | B29: 1 | C29: 0 | D29: 2 | E29: 0 | F29: 0 | I29: De aportación por mejoras. | N29: =SUM(O29:Z29) -> 0 | O29: 0 | P29: 0 | Q29: 0 | R29: 0 | S29: 0 | T29: 0 | U29: 0 | V29: 0 | W29: 0 | X29: 0 | Y29: 0 | Z29: 0
A30: 3 | B30: 9 | C30: 0 | D30: 0 | E30: 0 | F30: 0 | H30: Contribución de Mejoras no Comprendidas en las Fracciones de la Ley de Ingresos Causadas en Ejercicios Fiscales Anteriores Pendientes de Liquidación o Pago.
A31: 3 | B31: 9 | C31: 0 | D31: 1 | E31: 0 | F31: 0 | I31: Contribución de Mejoras no Comprendidas en las Fracciones de la Ley de Ingresos Causadas en Ejercicios Fiscales Anteriores Pendientes de Liquidación o Pago. | N31: =SUM(O31:Z31) -> 0 | O31: 0 | P31: 0 | Q31: 0 | R31: 0 | S31: 0 | T31: 0 | U31: 0 | V31: 0 | W31: 0 | X31: 0 | Y31: 0 | Z31: 0
A32: 4 | B32: 0 | C32: 0 | D32: 0 | E32: 0 | F32: 0 | G32: DERECHOS.
A33: 4 | B33: 1 | C33: 0 | D33: 0 | E33: 0 | F33: 0 | H33: Derechos por el Uso, Goce, Aprovechamiento o Explotación de Bienes de Dominio Público.
A34: 4 | B34: 1 | C34: 0 | D34: 1 | E34: 0 | F34: 0 | I34: Por la ocupación de la vía pública y servicios de mercado. | N34: =SUM(O34:Z34) -> 0 | O34: 0 | P34: 0 | Q34: 0 | R34: 0 | S34: 0 | T34: 0 | U34: 0 | V34: 0 | W34: 0 | X34: 0 | Y34: 0 | Z34: 0
A35: 4 | B35: 3 | C35: 0 | D35: 0 | E35: 0 | F35: 0 | H35: Derechos por Prestación de Servicios.
A36: 4 | B36: 3 | C36: 0 | D36: 1 | E36: 0 | F36: 0 | I36: Por servicio de alumbrado público. | N36: =SUM(O36:Z36) -> 0 | O36: 0 | P36: 0 | Q36: 0 | R36: 0 | S36: 0 | T36: 0 | U36: 0 | V36: 0 | W36: 0 | X36: 0 | Y36: 0 | Z36: 0
A37: 4 | B37: 3 | C37: 0 | D37: 2 | E37: 0 | F37: 0 | I37: Por la prestación del servicio de abastecimiento de agua potable, alcantarillado y saneamiento. | N37: =SUM(O37:Z37) -> 0
A38: 4 | B38: 3 | C38: 0 | D38: 3 | E38: 0 | F38: 0 | I38: Por servicio de panteones. | N38: =SUM(O38:Z38) -> 0 | O38: 0 | P38: 0 | Q38: 0 | R38: 0 | S38: 0 | T38: 0 | U38: 0 | V38: 0 | W38: 0 | X38: 0 | Y38: 0 | Z38: 0
A39: 4 | B39: 3 | C39: 0 | D39: 4 | E39: 0 | F39: 0 | I39: Por servicio de rastro. | N39: =SUM(O39:Z39) -> 0 | O39: 0 | P39: 0 | Q39: 0 | R39: 0 | S39: 0 | T39: 0 | U39: 0 | V39: 0 | W39: 0 | X39: 0 | Y39: 0 | Z39: 0
A40: 4 | B40: 3 | C40: 0 | D40: 5 | E40: 0 | F40: 0 | I40: Por servicio de control canino. | N40: =SUM(O40:Z40) -> 0 | O40: 0 | P40: 0 | Q40: 0 | R40: 0 | S40: 0 | T40: 0 | U40: 0 | V40: 0 | W40: 0 | X40: 0 | Y40: 0 | Z40: 0
A41: 4 | B41: 3 | C41: 0 | D41: 6 | E41: 0 | F41: 0 | I41: Por reparación de la vía pública. | N41: =SUM(O41:Z41) -> 0 | O41: 0 | P41: 0 | Q41: 0 | R41: 0 | S41: 0 | T41: 0 | U41: 0 | V41: 0 | W41: 0 | X41: 0 | Y41: 0 | Z41: 0
A42: 4 | B42: 3 | C42: 0 | D42: 7 | E42: 0 | F42: 0 | I42: Por servicios de protección civil. | N42: =SUM(O42:Z42) -> 0 | O42: 0 | P42: 0 | Q42: 0 | R42: 0 | S42: 0 | T42: 0 | U42: 0 | V42: 0 | W42: 0 | X42: 0 | Y42: 0 | Z42: 0
A43: 4 | B43: 3 | C43: 0 | D43: 8 | E43: 0 | F43: 0 | I43: Por servicios de parques y jardines. | N43: =SUM(O43:Z43) -> 0 | O43: 0 | P43: 0 | Q43: 0 | R43: 0 | S43: 0 | T43: 0 | U43: 0 | V43: 0 | W43: 0 | X43: 0 | Y43: 0 | Z43: 0
A44: 4 | B44: 3 | C44: 0 | D44: 9 | E44: 0 | F44: 0 | I44: Por servicio de tránsito y vialidad. | N44: =SUM(O44:Z44) -> 0 | O44: 0 | P44: 0 | Q44: 0 | R44: 0 | S44: 0 | T44: 0 | U44: 0 | V44: 0 | W44: 0 | X44: 0 | Y44: 0 | Z44: 0
A45: 4 | B45: 3 | C45: 1 | D45: 0 | E45: 0 | F45: 0 | I45: Por servicios de vigilancia. | N45: =SUM(O45:Z45) -> 0 | O45: 0 | P45: 0 | Q45: 0 | R45: 0 | S45: 0 | T45: 0 | U45: 0 | V45: 0 | W45: 0 | X45: 0 | Y45: 0 | Z45: 0
A46: 4 | B46: 3 | C46: 1 | D46: 8 | E46: 0 | F46: 0 | I46: Por servicios de catastro. | N46: =SUM(O46:Z46) -> 0 | O46: 0 | P46: 0 | Q46: 0 | R46: 0 | S46: 0 | T46: 0 | U46: 0 | V46: 0 | W46: 0 | X46: 0 | Y46: 0 | Z46: 0
A47: 4 | B47: 3 | C47: 1 | D47: 9 | E47: 0 | F47: 0 | I47: Por servicios oficiales diversos. | N47: =SUM(O47:Z47) -> 0 | O47: 0 | P47: 0 | Q47: 0 | R47: 0 | S47: 0 | T47: 0 | U47: 0 | V47: 0 | W47: 0 | X47: 0 | Y47: 0 | Z47: 0
A48: 4 | B48: 4 | C48: 0 | D48: 0 | E48: 0 | F48: 0 | H48: Otros Derechos.
A49: 4 | B49: 4 | C49: 0 | D49: 1 | E49: 0 | F49: 0 | I49: Por Expedición, revalidación y canje de permisos o licencias para funcionamiento de establecimientos. | N49: =SUM(O49:Z49) -> 0 | O49: 0 | P49: 0 | Q49: 0 | R49: 0 | S49: 0 | T49: 0 | U49: 0 | V49: 0 | W49: 0 | X49: 0 | Y49: 0 | Z49: 0
A50: 4 | B50: 4 | C50: 0 | D50: 2 | E50: 0 | F50: 0 | I50: Por Expedición o revalidación de licencias o permisos para la colocación de anuncios publicitarios. | N50: =SUM(O50:Z50) -> 0 | O50: 0 | P50: 0 | Q50: 0 | R50: 0 | S50: 0 | T50: 0 | U50: 0 | V50: 0 | W50: 0 | X50: 0 | Y50: 0 | Z50: 0
A51: 4 | B51: 4 | C51: 0 | D51: 3 | E51: 0 | F51: 0 | I51: Por licencias de construcción, reparación o restauración de fincas. | N51: =SUM(O51:Z51) -> 0 | O51: 0 | P51: 0 | Q51: 0 | R51: 0 | S51: 0 | T51: 0 | U51: 0 | V51: 0 | W51: 0 | X51: 0 | Y51: 0 | Z51: 0
A52: 4 | B52: 4 | C52: 0 | D52: 4 | E52: 0 | F52: 0 | I52: Por expedición de certificados, constancias, títulos, copias de documentos y legalización de firmas. | N52: =SUM(O52:Z52) -> 0 | O52: 0 | P52: 0 | Q52: 0 | R52: 0 | S52: 0 | T52: 0 | U52: 0 | V52: 0 | W52: 0 | X52: 0 | Y52: 0 | Z52: 0
A53: 4 | B53: 4 | C53: 0 | D53: 5 | E53: 0 | F53: 0 | I53: Por servicios urbanísticos. | N53: =SUM(O53:Z53) -> 0 | O53: 0 | P53: 0 | Q53: 0 | R53: 0 | S53: 0 | T53: 0 | U53: 0 | V53: 0 | W53: 0 | X53: 0 | Y53: 0 | Z53: 0
A54: 4 | B54: 4 | C54: 0 | D54: 6 | E54: 0 | F54: 0 | I54: Por servicios de aseo público. | N54: =SUM(O54:Z54) -> 0 | O54: 0 | P54: 0 | Q54: 0 | R54: 0 | S54: 0 | T54: 0 | U54: 0 | V54: 0 | W54: 0 | X54: 0 | Y54: 0 | Z54: 0
A55: 4 | B55: 4 | C55: 0 | D55: 7 | E55: 0 | F55: 0 | I55: Por servicios de administración ambiental. | N55: =SUM(O55:Z55) -> 0 | O55: 0 | P55: 0 | Q55: 0 | R55: 0 | S55: 0 | T55: 0 | U55: 0 | V55: 0 | W55: 0 | X55: 0 | Y55: 0 | Z55: 0
A56: 4 | B56: 4 | C56: 0 | D56: 8 | E56: 0 | F56: 0 | I56: Por inscripción a padrones. | N56: =SUM(O56:Z56) -> 0 | O56: 0 | P56: 0 | Q56: 0 | R56: 0 | S56: 0 | T56: 0 | U56: 0 | V56: 0 | W56: 0 | X56: 0 | Y56: 0 | Z56: 0
A57: 4 | B57: 4 | C57: 0 | D57: 9 | E57: 0 | F57: 0 | I57: Por acceso a museos. | N57: =SUM(O57:Z57) -> 0 | O57: 0 | P57: 0 | Q57: 0 | R57: 0 | S57: 0 | T57: 0 | U57: 0 | V57: 0 | W57: 0 | X57: 0 | Y57: 0 | Z57: 0
A58: 4 | B58: 5 | C58: 0 | D58: 0 | E58: 0 | F58: 0 | H58: Accesorios de Derechos.
A59: 4 | B59: 5 | C59: 1 | D59: 1 | E59: 0 | F59: 0 | I59: Recargos. | N59: =SUM(O59:Z59) -> 0 | O59: 0 | P59: 0 | Q59: 0 | R59: 0 | S59: 0 | T59: 0 | U59: 0 | V59: 0 | W59: 0 | X59: 0 | Y59: 0 | Z59: 0
A60: 4 | B60: 5 | C60: 1 | D60: 2 | E60: 0 | F60: 0 | I60: Multas. | N60: =SUM(O60:Z60) -> 0 | O60: 0 | P60: 0 | Q60: 0 | R60: 0 | S60: 0 | T60: 0 | U60: 0 | V60: 0 | W60: 0 | X60: 0 | Y60: 0 | Z60: 0
A61: 4 | B61: 5 | C61: 1 | D61: 3 | E61: 0 | F61: 0 | I61: Honorarios y gastos de ejecución. | N61: =SUM(O61:Z61) -> 0 | O61: 0 | P61: 0 | Q61: 0 | R61: 0 | S61: 0 | T61: 0 | U61: 0 | V61: 0 | W61: 0 | X61: 0 | Y61: 0 | Z61: 0
A62: 4 | B62: 5 | C62: 1 | D62: 4 | E62: 0 | F62: 0 | I62: Actualización. | N62: =SUM(O62:Z62) -> 0 | O62: 0 | P62: 0 | Q62: 0 | R62: 0 | S62: 0 | T62: 0 | U62: 0 | V62: 0 | W62: 0 | X62: 0 | Y62: 0 | Z62: 0
A63: 4 | B63: 5 | C63: 1 | D63: 5 | E63: 0 | F63: 0 | I63: Otros accesorios. | N63: =SUM(O63:Z63) -> 0 | O63: 0 | P63: 0 | Q63: 0 | R63: 0 | S63: 0 | T63: 0 | U63: 0 | V63: 0 | W63: 0 | X63: 0 | Y63: 0 | Z63: 0
A64: 4 | B64: 9 | C64: 0 | D64: 0 | E64: 0 | F64: 0 | H64: Derechos no Comprendidos en las Fracciones de la Ley de Ingresos Causados en Ejercicios Fiscales Anteriores Pendientes de Liquidación o Pago.
A65: 4 | B65: 9 | C65: 0 | D65: 1 | E65: 0 | F65: 0 | I65: Derechos no Comprendidos en las Fracciones de la Ley de Ingresos Causados en Ejercicios Fiscales Anteriores Pendientes de Liquidación o Pago. | N65: =SUM(O65:Z65) -> 0 | O65: 0 | P65: 0 | Q65: 0 | R65: 0 | S65: 0 | T65: 0 | U65: 0 | V65: 0 | W65: 0 | X65: 0 | Y65: 0 | Z65: 0
A66: 5 | B66: 0 | C66: 0 | D66: 0 | E66: 0 | F66: 0 | G66: PRODUCTOS.
A67: 5 | B67: 1 | C67: 0 | D67: 0 | E67: 0 | F67: 0 | H67: Productos de Tipo Corriente.
A68: 5 | B68: 1 | C68: 0 | D68: 1 | E68: 0 | F68: 0 | I68: Productos derivados del uso y aprovechamiento de bienes no sujetos a régimen de dominio publico. | N68: =SUM(O68:Z68) -> 0 | O68: 0 | P68: 0 | Q68: 0 | R68: 0 | S68: 0 | T68: 0 | U68: 0 | V68: 0 | W68: 0 | X68: 0 | Y68: 0 | Z68: 0
A69: 5 | B69: 1 | C69: 0 | D69: 2 | E69: 0 | F69: 0 | I69: Enajenación de bienes muebles no sujetos a ser inventariables. | N69: =SUM(O69:Z69) -> 0 | O69: 0 | P69: 0 | Q69: 0 | R69: 0 | S69: 0 | T69: 0 | U69: 0 | V69: 0 | W69: 0 | X69: 0 | Y69: 0 | Z69: 0
A70: 5 | B70: 1 | C70: 0 | D70: 3 | E70: 0 | F70: 0 | I70: Accesorios de Productos. | N70: =SUM(O70:Z70) -> 0 | O70: 0 | P70: 0 | Q70: 0 | R70: 0 | S70: 0 | T70: 0 | U70: 0 | V70: 0 | W70: 0 | X70: 0 | Y70: 0 | Z70: 0
A71: 5 | B71: 1 | C71: 0 | D71: 4 | E71: 0 | F71: 0 | I71: Rendimiento de capital. | N71: =SUM(O71:Z71) -> 0 | O71: 0 | P71: 0 | Q71: 0 | R71: 0 | S71: 0 | T71: 0 | U71: 0 | V71: 0 | W71: 0 | X71: 0 | Y71: 0 | Z71: 0
A72: 5 | B72: 1 | C72: 0 | D72: 5 | E72: 0 | F72: 0 | I72: Arrendamiento y explotación de bienes muebles e inmuebles. | N72: =SUM(O72:Z72) -> 0 | O72: 0 | P72: 0 | Q72: 0 | R72: 0 | S72: 0 | T72: 0 | U72: 0 | V72: 0 | W72: 0 | X72: 0 | Y72: 0 | Z72: 0
A73: 5 | B73: 1 | C73: 0 | D73: 8 | E73: 0 | F73: 0 | I73: Otros productos. (formas valoradas y publicaciones) | N73: =SUM(O73:Z73) -> 0 | O73: 0 | P73: 0 | Q73: 0 | R73: 0 | S73: 0 | T73: 0 | U73: 0 | V73: 0 | W73: 0 | X73: 0 | Y73: 0 | Z73: 0
A74: 5 | B74: 2 | C74: 0 | D74: 0 | E74: 0 | F74: 0 | H74: Productos de Capital.
A75: 5 | B75: 2 | C75: 0 | D75: 1 | E75: 0 | F75: 0 | I75: Enajenación de bienes muebles e inmuebles. | N75: =SUM(O75:Z75) -> 0 | O75: 0 | P75: 0 | Q75: 0 | R75: 0 | S75: 0 | T75: 0 | U75: 0 | V75: 0 | W75: 0 | X75: 0 | Y75: 0 | Z75: 0
A76: 5 | B76: 9 | C76: 0 | D76: 0 | E76: 0 | F76: 0 | I76: Productos no Comprendidos en las Fracciones de la Ley de Ingresos Causados en Ejercicios Fiscales Anteriores Pendientes de Liquidación o Pago.
A77: 5 | B77: 9 | C77: 0 | D77: 1 | E77: 0 | F77: 0 | I77: Productos no Comprendidos en las Fracciones de la Ley de Ingresos Causados en Ejercicios Fiscales Anteriores Pendientes de Liquidación o Pago. | N77: =SUM(O77:Z77) -> 0 | O77: 0 | P77: 0 | Q77: 0 | R77: 0 | S77: 0 | T77: 0 | U77: 0 | V77: 0 | W77: 0 | X77: 0 | Y77: 0 | Z77: 0
A78: 6 | B78: 0 | C78: 0 | D78: 0 | E78: 0 | F78: 0 | G78: APROVECHAMIENTOS.
A79: 6 | B79: 1 | C79: 0 | D79: 0 | E79: 0 | F79: 0 | H79: Aprovechamientos de Tipo Corriente.
A80: 6 | B80: 1 | C80: 0 | D80: 1 | E80: 0 | F80: 0 | I80: Honorarios y gastos de ejecución. | N80: =SUM(O80:Z80) -> 0 | O80: 0 | P80: 0 | Q80: 0 | R80: 0 | S80: 0 | T80: 0 | U80: 0 | V80: 0 | W80: 0 | X80: 0 | Y80: 0 | Z80: 0
A81: 6 | B81: 1 | C81: 0 | D81: 2 | E81: 0 | F81: 0 | I81: Recargos. | N81: =SUM(O81:Z81) -> 0 | O81: 0 | P81: 0 | Q81: 0 | R81: 0 | S81: 0 | T81: 0 | U81: 0 | V81: 0 | W81: 0 | X81: 0 | Y81: 0 | Z81: 0
A82: 6 | B82: 1 | C82: 0 | D82: 3 | E82: 0 | F82: 0 | I82: Multas por falta a la reglamentación | N82: =SUM(O82:Z82) -> 0 | O82: 0 | P82: 0 | Q82: 0 | R82: 0 | S82: 0 | T82: 0 | U82: 0 | V82: 0 | W82: 0 | X82: 0 | Y82: 0 | Z82: 0
A83: 6 | B83: 1 | C83: 0 | D83: 4 | E83: 0 | F83: 0 | I83: Reintegros por responsabilidades. | N83: =SUM(O83:Z83) -> 0 | O83: 0 | P83: 0 | Q83: 0 | R83: 0 | S83: 0 | T83: 0 | U83: 0 | V83: 0 | W83: 0 | X83: 0 | Y83: 0 | Z83: 0
A84: 6 | B84: 1 | C84: 0 | D84: 5 | E84: 0 | F84: 0 | I84: Donativos, subsidios e indemnizaciones. | N84: =SUM(O84:Z84) -> 0 | O84: 0 | P84: 0 | Q84: 0 | R84: 0 | S84: 0 | T84: 0 | U84: 0 | V84: 0 | W84: 0 | X84: 0 | Y84: 0 | Z84: 0
A85: 6 | B85: 1 | C85: 0 | D85: 6 | E85: 0 | F85: 0 | I85: Indemnizaciones por daños a bienes. | N85: =SUM(O85:Z85) -> 0 | O85: 0 | P85: 0 | Q85: 0 | R85: 0 | S85: 0 | T85: 0 | U85: 0 | V85: 0 | W85: 0 | X85: 0 | Y85: 0 | Z85: 0
A86: 6 | B86: 1 | C86: 0 | D86: 7 | E86: 0 | F86: 0 | I86: Recuperación de costos por adjudicación de contratos de obra pública y adquisición de bienes. | N86: =SUM(O86:Z86) -> 0 | O86: 0 | P86: 0 | Q86: 0 | R86: 0 | S86: 0 | T86: 0 | U86: 0 | V86: 0 | W86: 0 | X86: 0 | Y86: 0 | Z86: 0
A87: 6 | B87: 1 | C87: 0 | D87: 8 | E87: 0 | F87: 0 | I87: Intervención de espectáculos públicos. | N87: =SUM(O87:Z87) -> 0 | O87: 0 | P87: 0 | Q87: 0 | R87: 0 | S87: 0 | T87: 0 | U87: 0 | V87: 0 | W87: 0 | X87: 0 | Y87: 0 | Z87: 0
A88: 6 | B88: 1 | C88: 0 | D88: 9 | E88: 0 | F88: 0 | I88: Otros aprovechamientos. | N88: =SUM(O88:Z88) -> 0 | O88: 0 | P88: 0 | Q88: 0 | R88: 0 | S88: 0 | T88: 0 | U88: 0 | V88: 0 | W88: 0 | X88: 0 | Y88: 0 | Z88: 0
A89: 6 | B89: 1 | C89: 1 | D89: 0 | E89: 0 | F89: 0 | I89: Incentivos por administración de impuestos municipales coordinados. | N89: =SUM(O89:Z89) -> 0 | O89: 0 | P89: 0 | Q89: 0 | R89: 0 | S89: 0 | T89: 0 | U89: 0 | V89: 0 | W89: 0 | X89: 0 | Y89: 0 | Z89: 0
A90: 6 | B90: 1 | C90: 1 | D90: 1 | E90: 0 | F90: 0 | I90: Multas por infracciones al Reglamento de la Ley de Transito y Vialidad del Estado de Michoacán de Ocampo. | N90: =SUM(O90:Z90) -> 0 | O90: 0 | P90: 0 | Q90: 0 | R90: 0 | S90: 0 | T90: 0 | U90: 0 | V90: 0 | W90: 0 | X90: 0 | Y90: 0 | Z90: 0
A91: 6 | B91: 1 | C91: 1 | D91: 4 | E91: 0 | F91: 0 | I91: Multas por infracciones a la Ley para la Prevención y Gestión Integral de Residuos en el Estado de Michoacán de Ocampo. | N91: =SUM(O91:Z91) -> 0 | O91: 0 | P91: 0 | Q91: 0 | R91: 0 | S91: 0 | T91: 0 | U91: 0 | V91: 0 | W91: 0 | X91: 0 | Y91: 0 | Z91: 0
... A93: 6 | B93: 1 | C93: 1 | D93: 6 | E93: 0 | F93: 0 | I93: Indemnizaciones de cheques devueltos por instituciones bancarias. | N93: =SUM(O93:Z93) -> 0 | O93: 0 | P93: 0 | Q93: 0 | R93: 0 | S93: 0 | T93: 0 | U93: 0 | V93: 0 | W93: 0 | X93: 0 | Y93: 0 | Z93: 0
A94: 6 | B94: 2 | C94: 0 | D94: 0 | E94: 0 | F94: 0 | H94: Aprovechamientos de Capital.
A95: 6 | B95: 2 | C95: 0 | D95: 1 | E95: 0 | F95: 0 | I95: Aprovechamientos de Capital. | N95: =SUM(O95:Z95) -> 0 | O95: 0 | P95: 0 | Q95: 0 | R95: 0 | S95: 0 | T95: 0 | U95: 0 | V95: 0 | W95: 0 | X95: 0 | Y95: 0 | Z95: 0
A96: 6 | B96: 9 | C96: 0 | D96: 0 | E96: 0 | F96: 0 | H96: Aprovechamientos no Comprendidos en las Fracciones de la Ley de Ingresos causados en ejercicios fiscales anteriores pendientes de liquidación o pago.
A97: 6 | B97: 9 | C97: 0 | D97: 1 | E97: 0 | F97: 0 | I97: Aprovechamientos no Comprendidos en las Fracciones de la Ley de Ingresos causados en ejercicios fiscales anteriores pendientes de liquidación o pago. | N97: =SUM(O97:Z97) -> 0 | O97: 0 | P97: 0 | Q97: 0 | R97: 0 | S97: 0 | T97: 0 | U97: 0 | V97: 0 | W97: 0 | X97: 0 | Y97: 0 | Z97: 0
A98: 7 | B98: 0 | C98: 0 | D98: 0 | E98: 0 | F98: 0 | G98: INGRESOS POR VENTA DE BIENES Y SERVICIOS.
A99: 7 | B99: 1 | C99: 0 | D99: 0 | E99: 0 | F99: 0 | H99: Ingresos por Venta de Bienes y Servicios de Organismos Descentralizados.
A100: 7 | B100: 1 | C100: 0 | D100: 1 | E100: 0 | F100: 0 | I100: Ingresos por Venta de Bienes y Servicios de Organismos Descentralizados. | N100: =SUM(O100:Z100) -> 0 | O100: 0 | P100: 0 | Q100: 0 | R100: 0 | S100: 0 | T100: 0 | U100: 0 | V100: 0 | W100: 0 | X100: 0 | Y100: 0 | Z100: 0
A101: 7 | B101: 3 | C101: 0 | D101: 0 | E101: 0 | F101: 0 | H101: Ingresos por Ventas de Bienes y servicios Producidos en establecimientos del Gobierno Central.
...
